 Dungeon Crawl Stone Soup version 0.17.0-24-gcfadda4 (webtiles) character file.

37 oplop the Insei (level 3, -2/23 HPs)
             Began as an Octopode Transmuter on Nov 16, 2015.
             Slain by a white imp (5 damage)
             ... summoned by Natasha
             ... on level 2 of the Dungeon.
             The game lasted 00:02:14 (1233 turns).

oplop the Insei (Octopode Transmuter)               Turns: 1233, Time: 00:02:15

Health: -2/23      AC:  2    Str: 10    XL:     3   Next: 41%
Magic:  0/6        EV: 19    Int: 15    God:
Gold:   64         SH:  0    Dex: 17    Spells: 3 memorised, 1 level left

rFire  . . .     SeeInvis .       - Unarmed
rCold  . . .     Clarity  .     (shield currently unavailable)
rNeg   . . .     SustAt   .     (helmet currently unavailable)
rPois  x         Gourm    .     (no amulet)
rElec  .         Spirit   .     (no ring)
rCorr  .         Warding  .     (no ring)
rMut   .         Stasis   .     (no ring)
MR     .....                    (no ring)
Stlth  ++........               (no ring)
                                (no ring)
                                (no ring)
                                (no ring)

@: spider-form, very slightly contaminated, not resistant to hostile
enchantments, unstealthy
A: almost no armour, amphibious, 8 rings, (constrict 8), (camouflage 0),
(gelatinous body 0)
a: End Transformation


You were on level 2 of the Dungeon.
You were hungry.
You were a venomous arachnid creature.
You visited 1 branch of the dungeon, and saw 2 of its levels.

You collected 64 gold pieces.

Inventory:

Missiles
 a - 12 arrows
Scrolls
 d - 2 scrolls of identify {unknown}
 e - a scroll of blinking {unknown}
 i - a scroll of enchant weapon {unknown}
Potions
 f - 2 potions of degeneration {unknown}
 h - a potion of flight {unknown}
Books
 b - a book of Changes

   Spells                             Type                      Level
   a - Beastly Appendage              Transmutation                1
   b - Sticks to Snakes               Transmutation                2
   c - Spider Form                    Transmutation/Poison         3
   d - Ice Form                       Ice/Transmutation            4
   e - Blade Hands                    Transmutation                5
Comestibles
 c - 2 bread rations
 g - 5 fruits


   Skills:
 + Level 1.6 Fighting
 - Level 2.0 Dodging
 - Level 3.0 Unarmed Combat
 + Level 2.5 Spellcasting
 + Level 2.8 Transmutations
 + Level 0.2 Poison Magic


You had one spell level left.
You knew the following spells:

 Your Spells              Type           Power        Failure   Level  Hunger
a - Beastly Appendage     Trmt           ##....       24%         1    #......
b - Sticks to Snakes      Trmt           ##........   28%         2    ###....
c - Spider Form           Trmt/Pois      #.........   56%         3    ###....


Dungeon Overview and Level Annotations

Branches:
Dungeon (2/15)

Altars:

Annotations:
D:2 Natasha, Robin


Innate Abilities, Weirdness & Mutations

You cannot wear most types of armour.
You are amphibious.
You can wear up to eight rings at the same time.
((You can use your tentacles to constrict eight enemies at once.))
((Your skin changes colour to match your surroundings (Stealth).))
((Your rubbery body absorbs attacks (AC +1).))


Message History

The kobold misses you.
Natasha mumbles some strange words.
Natasha's fingertips start to glow.
You barely miss the kobold.
The kobold is moderately wounded.
The kobold barely misses you.
You hit the kobold.
You kill the kobold!
You hit the white imp.
The white imp is lightly wounded.
The white imp shouts, "Remove thy stench, thou bumbling hedge-born apple-john!"
The white imp gestures at you. The puff of frost hits you!
* * * LOW HITPOINT WARNING * * *
You hit the white imp.
The white imp is heavily wounded.
The white imp hits you.
* * * LOW HITPOINT WARNING * * *
The white imp freezes you.
You die...

##.###.#........##
#.###.#.#.....##
#.#...#.#....##
#.#.###.#.#+## #.#.#
#.#.#.#
#.#.###.#.#.########
#.........#..)?.....
###.######...## #.#
##$...s### #.#
#......5h#
#†####.##)###....
#......##... .....#
#########.### #####
#.# #.# .#


You could see Natasha and a white imp.

Vanquished Creatures
  A worm (D:2)
  A giant cockroach (D:1)
  4 goblins (D:1)
  6 hobgoblins
  5 kobolds
  A quokka (D:2)
  7 bats
  4 jackals (D:1)
  5 rats
34 creatures vanquished.

Notes
Turn   | Place    | Note
--------------------------------------------------------------
     0 | D:1      | oplop the Octopode Transmuter began the quest for the Orb.
     0 | D:1      | Reached XP level 1. HP: 13/13 MP: 3/3
    98 | D:1      | Reached XP level 2. HP: 9/18 MP: 5/5
   675 | D:1      | Reached XP level 3. HP: 23/23 MP: 4/6
   936 | D:2      | Learned a level 2 spell: Sticks to Snakes
   940 | D:2      | Learned a level 3 spell: Spider Form
   947 | D:2      | Noticed Robin
  1224 | D:2      | Noticed Natasha
  1233 | D:2      | Slain by a white imp

Action                   || total
-------------------------++-------
Melee: Unarmed           ||    71
 Cast: Beastly Appendage ||    14
       Spider Form       ||     1
 Stab: Sleeping          ||     5
  Eat: Fruit             ||     1
